 Dungeon Crawl Stone Soup version 0.30-a0-918-g0ff054e9dc (webtiles) character file.

Game seed: 490722274610392631

183 cforsyth the Trooper (level 5, -2/42 HPs)
             Began as a Human Fighter on Mar 20, 2023.
             Slain by a shadow imp (4 damage)
             ... on level 4 of the Dungeon.
             The game lasted 00:02:20 (2294 turns).

cforsyth the Trooper (Human Fighter)                Turns: 2294, Time: 00:02:20

Health: -2/42      AC:  7    Str: 18    XL:     5   Next: 94%
Magic:  5/5        EV:  9    Int:  8    God:
Gold:   132        SH:  5    Dex: 13    Spells: 4/4 levels left

rFire   . . .      SeeInvis .    a - +0 flail
rCold   . . .      Faith    .    c - +0 buckler
rNeg    . . .      Spirit   .    b - +0 scale mail
rPois   .          Reflect  .    (no helmet)
rElec   .          Rampage  .    (no cloak)
rCorr   .                        (no gloves)
Will    .....                    (no boots) Stlth
                                 (no amulet)
HPRegen 0.27/turn                (no ring)
MPRegen 0.09/turn                (no ring)

@: mighty
A: no striking features
a: no special abilities


You were on level 4 of the Dungeon.
You visited 1 branch of the dungeon, and saw 4 of its levels.

You collected 132 gold pieces.

Inventory:

Hand Weapons
 a - a +0 flail (weapon)
Armour
 b - a +0 scale mail (worn)
 c - a +0 buckler (worn)
Jewellery
 i - an amulet of faith
 m - a ring of protection from fire
Wands
 n - a wand of mindburst (13)
Scrolls
 e - a scroll of blinking {unknown}
 g - 2 scrolls of noise {unknown}
 l - a scroll of fog {unknown}
 o - 3 scrolls of acquirement {unknown}
 q - 2 scrolls of identify {unknown}
 r - a scroll of magic mapping {unknown}
 s - 3 scrolls of amnesia {unknown}
Potions
 f - a potion of haste {unknown}
 h - 2 potions of lignification {unknown}
 j - a potion of invisibility {unknown}
 k - 2 potions of flight {unknown}
 p - a potion of curing {unknown}
 t - 2 potions of cancellation {unknown}
 u - a potion of mutation {unknown}


   Skills:
 + Level 4.0 Fighting
 + Level 3.2 Maces & Flails
 + Level 4.0 Armour
 + Level 3.9 Shields


You had 4 spell levels left.
You didn't know any spells.
Your spell library contained the following spells:

 Spells                   Type           Power      Damage    Failure   Level
 Slow                     Hex            0%         N/A       86%         1
 Blink                    Tloc           0%         N/A       95%         2
 Lesser Beckoning         Tloc           0%         N/A       95%         2
 Momentum Strike          Conj/Tloc      0%         3d8       95%         2
 Confusing Touch          Hex            0%         N/A       99%         3
 Vampiric Draining        Necr           0%         2d6       99%         3


Dungeon Overview and Level Annotations

Branches:
Dungeon (4/15)
 Temple: D:4-7

Altars:

Shops:
D:1 *[   D:4 (


Message History

You hit the black bear.
The black bear is lightly wounded.
The black bear bites you but does no damage.
The black bear closely misses you. You block the black bear's attack.
You completely miss the black bear.
The black bear is lightly wounded.
The black bear bites you. You block the black bear's attack.
The black bear claws you. You block the black bear's attack.
The black bear claws you.
The black bear claws you but does no damage.
You closely miss the black bear.
The black bear is lightly wounded.
The black bear bites you! The black bear barely misses you.
The black bear claws you but does no damage.
The shadow imp hits you.
You feel very mighty all of a sudden. The ufetubus closely misses you.
You block the ufetubus's attack. The black bear completely misses you.
The black bear claws you but does no damage. x2
You block the shadow imp's attack.
You bludgeon the black bear!!
The black bear is severely wounded.
The ufetubus closely misses you. You block the ufetubus's attack.
The black bear bites you!
The black bear claws you but does no damage. x2
The shadow imp gestures at you. Pain shoots through your body!
* * * LOW HITPOINT WARNING * * *
The ufetubus barely misses you. The ufetubus hits you.
* * * LOW HITPOINT WARNING * * *
You barely miss the black bear.
The black bear is severely wounded.
You block the ufetubus's attack. The ufetubus misses you.
The black bear bites you.
* * * LOW HITPOINT WARNING * * *
The black bear claws you but does no damage.
The black bear claws you.
* * * LOW HITPOINT WARNING * * *
The shadow imp hits you.
You die...

#<# ##..# # ....
..## ...# ...# .$.#
###...# ...#
###....# ######h..#
.....# ###....@5.#
.....# ##....#..5.#
.....####..#########
.......##..#
..#..##...##
###..##...>#
###....#.......
...∩.......####
....##.....#


You could see a black bear, a shadow imp and an ufetubus.

Vanquished Creatures
  A hound (D:4)
  A jelly (D:2)
  7 adders
  A worm (D:2)
  6 orcs
  2 ball pythons (D:1)
  5 endoplasms
  4 giant cockroaches
  4 goblins
  2 hobgoblins
  2 jackals (D:1)
  6 kobolds
  4 quokkas
  4 bats
  3 frilled lizards
  A rat (D:3)
53 creatures vanquished.

Notes
Turn   | Place    | Note
-------+----------+-------------------------------------------
     0 | D:1      | cforsyth the Human Fighter began the quest for the Orb.
     0 | D:1      | Reached XP level 1. HP: 18/18 MP: 1/1
    24 | D:1      | Found a faded altar of an unknown god.
   146 | D:1      | Reached XP level 2. HP: 23/24 MP: 2/2
   302 | D:1      | Found Seshee Zymiu's Armour Boutique.
   382 | D:1      | Reached XP level 3. HP: 29/29 MP: 3/3
   391 | D:1      | Found Noster's Assorted Antiques.
  1114 | D:2      | Reached XP level 4. HP: 35/35 MP: 4/4
  1383 | D:2      | Reached XP level 5. HP: 35/42 MP: 5/5
  2244 | D:4      | Found Poxty's Antique Weapon Shop.
  2284 | D:4      | Noticed a black bear
  2294 | D:4      | HP: 2/42 [black bear (2)]
  2294 | D:4      | Slain by a shadow imp

Illustrated notes

Levels and vault maps discovered:
D:1:      lightli_arrival_noodles, layout_loops_ring, serial_shops,
          nicolae_shop_overgrown_old_shop, nicolae_square_shop,
          shapermc_ecumenical_altar_totnotflames
D:2:      layout_basic
D:3:      layout_basic
D:4:      layout_layer_cave, gammafunk_temple_overflow_forgotten,
          minmay_temple_entry_slanted, serial_demonic, serial_demonic_g,
          serial_demonic_e, serial_demonic_b, serial_demonic_e, serial_shops,
          nicolae_shop_temple_entry_statues_fountains,
          nicolae_shop_hallway_stairs, nicolae_square_shop,
          nicolae_shop_advertising_works [nicolae_subvault_shop_adworks],
          nicolae_square_shop, chequers_serial_rivers_marsh,
          dreamdust_mushroom_princess, kennysheep_generic_room_2, uniq_robin

Skill      XL: |  1  2  3  4  5 |
---------------+----------------+-----
Maces & Flails | 3 |  3.2
Fighting       | 4 |  4.0
Armour         | 4 |  4.0
Shields        | |  3.9

Action                     |  1- 3 |  4- 6 || total
---------------------------+-------+-------++-------
  Melee: Flail             |    70 |   112 ||   182
    Use: Potion            |       |     1 ||     1
 Armour: Scale mail        |    46 |    59 ||   105
  Dodge: Dodged            |    28 |    56 ||    84
  Block: Buckler           |    12 |    29 ||    41

Table legend: (Time is in decaauts)
 A = Elapsed time spent in this place.
 B = Non-inter-level travel time spent in this place.
 C = Inter-level travel time spent in this place.
 D = Time resting spent in this place.
 E = Time spent auto-exploring this place.
 F = Levels seen in this place.
 G = Mean time per level.
                   A        B        C        D        E       F      G
               +--------+--------+--------+--------+--------+-----+--------+
         Total |   2348 |   2281 |     67 |      0 |   1871 |   4 |  587.0 |
       Dungeon |   2348 |   2281 |     67 |      0 |   1871 |   4 |  587.0 |
               +--------+--------+--------+--------+--------+-----+--------+

Top non-repeatable levels by time:
     D:2: 996 daAuts
     D:3: 628 daAuts
     D:1: 618 daAuts
     D:4: 104 daAuts
